 Dungeon Crawl Stone Soup version 0.25.1-2-g60ff931df9 (webtiles) character file.

Game seed: 10653955434988844964

30987 raphaelitos the Blocker (level 13, -2/101 HPs)
             Began as a Formicid Fighter on Nov 13, 2020.
             Was a High Priest of Makhleb.
             Slain by a dream sheep (8 damage)
             ... on level 6 of the Lair of Beasts on Nov 16, 2020.
             The game lasted 00:48:33 (14790 turns).

raphaelitos the Blocker (Formicid Fighter)         Turns: 14790, Time: 00:48:34

Health: -2/101     AC: 17    Str: 30    XL:     13   Next: 92%
Magic:  14/14      EV: 13    Int: 10    God:    Makhleb [*****.]
Gold:   788        SH: 23    Dex: 14    Spells: 12/12 levels left

rFire    . . .     SeeInvis +   p - +3 halberd (protect)
rCold    . . .     Gourm    .   q - +1 tower shield
rNeg     . . .     Faith    .   H - +2 ring mail "Isanee" {+Inv Dex+4 Stlth+}
rPois    .         Spirit   .   (helmet unavailable)
rElec    .         Reflect  .   (no cloak)
rCorr    .         Harm     .   (no gloves)
MR       +....                  S - +0 pair of boots
Stlth    ++........             C - amulet of magic regeneration
HPRegen  0.26/turn              l - +4 ring of slaying
MPRegen  0.39/turn              h - +6 ring of strength

@: mighty, protection aura
A: permanent stasis, dig shafts and tunnels, four strong arms, antennae 3
a: Dig, Shaft Self, Minor Destruction, Lesser Servant of Makhleb, Major
Destruction, Greater Servant of Makhleb, Renounce Religion, Evoke Invisibility


You were on level 6 of the Lair of Beasts.
You worshipped Makhleb.
Makhleb was extremely pleased with you.
You were not hungry.

You visited 3 branches of the dungeon, and saw 15 of its levels.

You collected 788 gold pieces.

Inventory:

Hand Weapons
 p - a +3 halberd of protection (weapon)
 x - a +3 flail of protection
 P - a +2 arbalest of flaming
Missiles
 e - 126 sling bullets
 k - 15 poisoned darts
 n - 86 bolts
 s - 6 boomerangs (quivered)
 u - 240 arrows
 v - 2 throwing nets
 J - 9 javelins
 L - 6 curare-tipped darts
Armour
 c - a +0 kite shield
 q - a +1 tower shield (worn)
 H - the +2 ring mail "Isanee" (worn) {+Inv Dex+4 Stlth+}
   (You found it on level 2 of the Lair of Beasts)

   It affects your dexterity (+4).
   It lets you turn invisible.
   It makes you more stealthy.
 S - a +0 pair of boots (worn)
Jewellery
 a - an uncursed ring of ice
 h - a +6 ring of strength (right hand)
 l - a +4 ring of slaying (left hand)
 m - an uncursed amulet of reflection
 C - an amulet of magic regeneration (around neck)
 D - an uncursed ring of protection from magic
 T - an uncursed ring of flight
Wands
 o - a wand of acid (1)
 w - a wand of paralysis (13)
 y - a wand of iceblast (25)
 A - a wand of polymorph (11)
 R - a wand of flame (24)
Scrolls
 b - 6 scrolls of remove curse
 j - 3 scrolls of identify
 r - 6 scrolls of magic mapping
 z - 2 scrolls of fog
 G - 3 scrolls of amnesia
 I - a scroll of immolation
 M - a scroll of vulnerability
 Q - a scroll of enchant weapon
Potions
 d - a potion of might
 g - a potion of invisibility
 i - 2 potions of flight
 t - 2 potions of mutation
 B - 3 potions of curing
 F - 2 potions of stabbing
 K - 2 potions of heal wounds
 N - 2 potions of lignification
 O - a potion of brilliance
Miscellaneous
 E - a phial of floods
Comestibles
 f - 20 rations


   Skills:
 + Level 9.6 Fighting
   Level 5.9 Long Blades
 + Level 5.8 Maces & Flails
 + Level 11.4 Polearms
   Level 0.2 Bows
 + Level 5.4 Crossbows
 + Level 1.2 Throwing
 + Level 7.5 Armour
 + Level 3.7 Dodging
 + Level 2.5 Stealth
 + Level 14.8 Shields
 + Level 1.6 Evocations


You had 12 spell levels left.
You didn't know any spells.
Your spell library contained the following spells:

 Spells                   Type           Power        Failure   Level  Hunger
 Shroud of Golubria       Chrm/Tloc      #.....       63%         2    ###....
 Gell's Gravitas          Tloc           #.........   85%         3    ####...
 Lesser Beckoning         Tloc           #.........   85%         3    ####...
 Teleport Other           Tloc           #.......     85%         3    ####...
 Passage of Golubria      Tloc           N/A          99%         4    #####..
 Blink                    Tloc           Unusable     N/A         2    N/A

Dungeon Overview and Level Annotations

Branches:
Dungeon (8/15)             Temple (1/1) D:4            Lair (6/6) D:8
 Shoals (0/4) Lair:2       Spider (0/4) Lair:4        Slime (0/5) Lair:5

Altars:
Ashenzari
Cheibriados
Dithmenos
Elyvilon
Fedhas
Gozag
Hepliaklqana
Kikubaaqudgha
Makhleb
Nemelex Xobeh
Okawaru
Qazlal
Ru
Sif Muna
Trog
Uskayaw
Vehumet
Wu Jian
Xom
Yredelemnul
Zin
The Shining One

Shops:
D:7 =


Innate Abilities, Weirdness & Mutations

You cannot be hasted, slowed, berserked, paralysed or teleported.
You can dig through walls and to a lower floor.
Your four strong arms can wield two-handed weapons with a shield.
You have a pair of large antennae on your head. (SInv)


Message History

You block the dream sheep's attack. The elephant barely misses you.
You block the elephant's attack. You block the hippogriff's attack.
The hippogriff closely misses you.
The hippogriff claws you but does no damage.
The crocodile barely misses you. The dream sheep barely misses you.
The dream sheep shake their wool and sparkle.
You feel drowsy...
You fall asleep.
The elephant misses you. The elephant closely misses you.
The elephant tramples you!
You wake up.
* * * LOW HITPOINT WARNING * * *
You hold your ground!
The elephant trunk-slaps you.
* * * LOW HITPOINT WARNING * * *
You block the dream sheep's attack. The hippogriff bites you.
* * * LOW HITPOINT WARNING * * *
You block the hippogriff's attack. x2; The crocodile bites you.
* * * LOW HITPOINT WARNING * * *
You block the elephant's attack. The elephant closely misses you.
The dream sheep bites you but does no damage.
The dream sheep bites you!
You die...

................
.......
......%.. ....
.........
....###.!..%..
............#
.b..........#
...........##
......YHY...#
.....$Y@Y..#
.#....tYY<.#
..#.....(..P#
#.........#
#..........#
###.........#
#.##.....### ##
.......
##P....P.


You could see 3 elephants, a hippogriff, a crocodile and 3 dream sheep.

Vanquished Creatures
  A hydra (Lair:3)
  A catoblepas (Lair:4)
  A two-headed ogre (D:8)
  5 death yaks (Lair:5)
  A lindwurm (Lair:5)
  6 oklob plants
  2 black mambas (Lair:5)
  9 elephants
  7 spiny frogs
  A rime drake (Lair:2)
  A kobold demonologist (D:8)
  5 komodo dragons
  2 polar bears
  10 blink frogs
  2 dream sheep (Lair:6)
  7 hippogriffs
  Sigmund (D:4)
  19 yaks
  3 basilisks
  Edmund (D:4)
  7 water moccasins
  Duvessa (D:7)
  12 porcupines
  An orc warrior (D:8)
  A necrophage (D:7)
  A phantom (D:4)
  A sky beast (D:7)
  2 ice beasts
  5 ogres
  6 wolves (Lair:5)
  5 centaurs
  6 crocodiles
  9 big kobolds (D:8)
  18 bullfrogs
  2 gnoll sergeants (D:5)
  Dowan (D:7)
  A scorpion (D:4)
  4 wights (D:7)
  6 killer bees (D:8)
  3 howler monkeys
  A crimson imp (D:5)
  A centaur zombie (D:7)
  3 orc priests
  5 hounds
  A jelly (D:8)
  4 gnoll shamans (D:5)
  A bullfrog skeleton (D:4)
  A centaur skeleton (D:5)
  Jessica (D:2)
  An iguana (D:7)
  8 orc wizards
  5 worker ants
  A worker ant zombie (D:5)
  31 gnolls (D:5)
  6 adders
  A shadow imp (D:6)
  2 adder skeletons (D:4)
  2 worms
  2 dart slugs
  5 leopard geckos
  24 orcs
  8 giant cockroaches
  7 goblins
  6 hobgoblins
  31 jackals
  12 kobolds
  5 quokkas
  4 ball pythons
  5 bats
  6 frilled lizards
  2 gnoll zombies (D:3)
  A jackal skeleton (D:5)
  7 rats
  A fungus (Lair:5)
  A plant (Lair:2)
379 creatures vanquished.

Vanquished Creatures (others)
  7 fungi
  22 plants
29 creatures vanquished.

Grand Total: 408 creatures vanquished

Notes
Turn   | Place    | Note
-------+----------+-------------------------------------------
     0 | D:1      | raphaelitos the Formicid Fighter began the quest for the
                  | Orb.
     0 | D:1      | Reached XP level 1. HP: 18/18 MP: 1/1
   160 | D:1      | Reached XP level 2. HP: 24/24 MP: 2/2
   631 | D:1      | Reached XP level 3. HP: 29/29 MP: 3/3
   640 | D:1      | Reached skill level 4 in Shields
  1045 | D:2      | Found an ancient bone altar of Kikubaaqudgha.
  1465 | D:2      | Noticed Jessica
  1470 | D:2      | Killed Jessica
  1470 | D:2      | Reached XP level 4. HP: 36/36 MP: 4/4
  2004 | D:3      | Found a sparkling altar of Nemelex Xobeh.
  2021 | D:3      | Reached XP level 5. HP: 39/42 MP: 5/5
  2123 | D:3      | Reached skill level 5 in Shields
  2173 | D:3      | Reached XP level 6. HP: 18/48 MP: 6/6
  2518 | D:3      | Found a faded altar of an unknown god.
  2613 | D:3      | Found a basalt altar of Yredelemnul.
  2750 | D:4      | Noticed an ogre
  2757 | D:4      | Killed an ogre
  2792 | D:4      | Noticed an ogre
  2799 | D:4      | Killed an ogre
  2799 | D:4      | Reached skill level 6 in Shields
  2799 | D:4      | Reached XP level 7. HP: 44/54 MP: 7/7
  2968 | D:4      | Reached skill level 5 in Long Blades
  3093 | D:4      | Noticed Sigmund
  3100 | D:4      | Killed Sigmund
  3125 | D:4      | Noticed Edmund
  3147 | D:4      | Killed Edmund
  3147 | D:4      | Reached XP level 8. HP: 52/61 MP: 8/8
  3225 | D:4      | Reached skill level 7 in Shields
  3259 | D:4      | Reached skill level 1 in Dodging
  3413 | D:4      | Found a glowing silver altar of Zin.
  3413 | D:4      | Noticed an angel
  3531 | D:4      | Found a staircase to the Ecumenical Temple.
  3582 | D:4      | Reached skill level 1 in Maces & Flails
  3601 | D:4      | Found a shimmering altar of Xom.
  3602 | D:4      | Found a shimmering altar of Xom.
  3602 | D:4      | Found a shimmering altar of Xom.
  3666 | Temple   | Entered the Ecumenical Temple
  3918 | D:5      | Entered Level 5 of the Dungeon
  3926 | D:5      | Found a burning altar of Makhleb.
  3939 | D:5      | Reached skill level 1 in Polearms
  3978 | D:5      | Became a worshipper of Makhleb the Destroyer
  4197 | D:5      | Reached skill level 8 in Shields
  4215 | D:5      | Found a hazy altar of Hepliaklqana.
  4274 | D:5      | Reached XP level 9. HP: 66/66 MP: 9/9
  4422 | D:5      | Reached skill level 5 in Fighting
  4482 | D:5      | Reached skill level 5 in Armour
  4550 | D:5      | Reached * piety under Makhleb
  4766 | D:5      | Reached skill level 5 in Maces & Flails
  5099 | D:5      | Reached ** piety under Makhleb
  5706 | D:5      | Found a sparkling altar of Nemelex Xobeh.
  5929 | D:6      | Found a white marble altar of Elyvilon.
  5946 | D:6      | Reached skill level 9 in Shields
  6030 | D:6      | Found a sacrificial altar of Ru.
  6777 | D:7      | Found a hide-covered altar of Uskayaw.
  6786 | D:7      | Found an iron altar of Okawaru.
  6904 | D:7      | Reached XP level 10. HP: 74/74 MP: 10/10
  7012 | D:7      | Found Eletenkang's Jewellery Boutique.
  7119 | D:7      | Noticed Duvessa
  7121 | D:7      | Noticed Dowan
  7136 | D:7      | Killed Duvessa
  7141 | D:7      | Killed Dowan
  7141 | D:7      | Reached *** piety under Makhleb
  7404 | D:7      | Found a bloodstained altar of Trog.
  7435 | D:8      | Reached skill level 10 in Shields
  7592 | D:8      | Reached skill level 5 in Polearms
  7801 | D:8      | Noticed a two-headed ogre
  7811 | D:8      | Killed a two-headed ogre
  8020 | D:8      | Found a staircase to the Lair.
  8021 | D:8      | Noticed a komodo dragon
  8037 | D:8      | Noticed a kobold demonologist
  8050 | D:8      | Killed a komodo dragon
  8055 | D:8      | Killed a kobold demonologist
  8056 | D:8      | Reached skill level 1 in Evocations
  8058 | D:8      | Reached skill level 11 in Shields
  8058 | D:8      | Reached XP level 11. HP: 81/81 MP: 11/11
  8361 | Lair:1   | Entered Level 1 of the Lair of Beasts
  9003 | Lair:1   | Reached **** piety under Makhleb
  9005 | Lair:1   | Reached skill level 12 in Shields
  9663 | Lair:2   | Noticed an oklob plant
 10073 | Lair:2   | Reached skill level 1 in Throwing
 10160 | Lair:2   | Found a staircase to the Shoals.
 10184 | Lair:2   | Reached XP level 12. HP: 91/91 MP: 13/13
 10638 | Lair:2   | Got a dazzling ring mail
 10648 | Lair:2   | Identified the +2 ring mail "Isanee" {+Inv Dex+4 Stlth+}
                  | (You found it on level 2 of the Lair of Beasts)
 10701 | Lair:3   | Reached skill level 13 in Shields
 10755 | Lair:3   | Reached ***** piety under Makhleb
 10791 | Lair:3   | Noticed a six-headed hydra
 10793 | Lair:3   | Killed a six-headed hydra
 10793 | Lair:3   | Reached skill level 1 in Crossbows
 10793 | Lair:3   | Reached skill level 1 in Stealth
 10877 | Lair:3   | Reached skill level 10 in Polearms
 11730 | Lair:4   | Found a hole to the Spider Nest.
 11746 | Lair:4   | Noticed a catoblepas
 11752 | Lair:4   | Killed a catoblepas
 11881 | Lair:4   | Found a glowing silver altar of Zin.
 12456 | Lair:5   | Reached XP level 13. HP: 99/99 MP: 14/14
 12892 | Lair:5   | Reached skill level 14 in Shields
 13190 | Lair:5   | Found a staircase to the Slime Pits.
 13761 | Lair:5   | Reached skill level 5 in Crossbows
 14337 | Lair:6   | Entered Level 6 of the Lair of Beasts
 14790 | Lair:6   | Slain by a dream sheep

Illustrated notes

Levels and vault maps discovered:
D:1:      dpeg_arrival_court, layout_basic
D:2:      layout_basic, lemuel_crystal_altar, first_ration, uniq_jessica
D:3:      layout_basic, lemuel_zombie_altar_yredelemnul, lemuel_crystal_altar,
          chequers_ecumenical_altar_twisty
D:4:      layout_cave_pools, zin_angel, xom_redecorated,
          minmay_temple_entry_butterflies, sigmund_edmund_badplayer
D:5:      lemuel_castle_with_subvaults [lemuel_castle_interior_carwin_2],
          layout_loops_ring, makhleb_heckhound_becter, kennysheep_little_box,
          basic_altar
D:6:      layout_loops_ring, elyvilon_altar_5, nicolae_ru_the_path_less_chosen
D:7:      layout_rooms, nicolae_overflow_hidden_temple, serial_shops, shop,
          minmay_statues_item, uniq_duvessa
D:8:      layout_loops_cross, david_lair_shrubbed, serial_glass,
          glass_columns_b, glass_columns_c, special_room [special_room_kobold]
Temple:   dpeg_chambers_temple
Lair:1:   layout_regular_city
Lair:2:   layout_long_grid, minmay_shoals_entry_centaurs, grunt_megastairs_2,
          lemuel_fruit_tree, minmay_lair_oklob_chamber
Lair:3:   layout_hall_layers, grunt_megastairs_3
Lair:4:   layout_cave_pods, dummy_spider_entry, basic_altar
Lair:5:   layout_concentric_octagons, minmay_slime_entry_oklob_open,
          minivault_25, beast_lair_carwin_10
Lair:6:   gammafunk_lair_ancient_temple, layout_long_grid,
          infiniplex_staircase_pool_2, serial_bayou_shore_a, lemuel_fruit_fields

Skill      XL: |  1  2  3  4  5  6  7  8  9 10 11 12 13 |
---------------+----------------------------------------+-----
Shields        | 4 5 6 8 9 11 12 13 14 | 14.8
Long Blades    | 3 4 5 |  5.9
Armour         | 4 5 6 7 |  7.5
Fighting       | 4 5 7 8 9 |  9.6
Dodging        | 1 2 3 |  3.7
Maces & Flails | 3 5 |  5.8
Polearms       | 1 2 6 8 10 11 | 11.4
Evocations     | 1 |  1.6
Throwing       | 1 |  1.2
Crossbows      | 3 5 |  5.4
Stealth        | 2 |  2.5
Bows           | |  0.2

Action                   |  1- 3 |  4- 6 |  7- 9 | 10-12 | 13-15 || total
-------------------------+-------+-------+-------+-------+-------++-------
Melee: Long sword        |   138 |   127 |    31 |       |       ||   296
       Scythe            |       |       |    22 |       |       ||    22
       Flail             |       |       |   275 |       |       ||   275
       Halberd           |       |       |    81 |   511 |   187 ||   779
 Fire: Shortbow          |       |       |       |     8 |       ||     8
       Arbalest          |       |       |       |    60 |    62 ||   122
Throw: Dart              |       |       |       |     8 |       ||     8
       Boomerang         |       |       |       |     7 |     1 ||     8
 Abil: Dig               |       |       |       |     4 |       ||     4
Evoke: Wand              |       |       |       |     6 |       ||     6
  Use: Scroll            |     5 |     5 |     4 |    10 |       ||    24
       Potion            |       |       |     2 |       |     1 ||     3
  Eat: Chunk             |     2 |     5 |    13 |    18 |     2 ||    40
       Ration            |       |       |       |       |     2 ||     2
Armor: Scale mail        |     3 |       |       |       |       ||     3
       Plate armour      |    81 |    85 |   266 |   119 |       ||   551
       Ring mail         |       |       |       |    24 |    93 ||   117
Dodge: Dodged            |    18 |    22 |   127 |    66 |   113 ||   346
Block: Kite shield       |    93 |   127 |   511 |       |       ||   731
       Reflection        |       |     4 |     4 |    17 |       ||    25
       Tower shield      |       |       |       |   631 |   352 ||   983
       Rpst.: Long sword |     4 |    10 |     2 |       |       ||    16
